 Dungeon Crawl Stone Soup version 0.21.1-1-g345015f (webtiles) character file.

11 sendhelp the Firebug (level 2, 0/22 HPs)
             Began as a Draconian Fire Elementalist on Apr 17, 2018.
             Slain by a hobgoblin
             ... wielding a cursed -2 club
              (1 damage)
             ... on level 1 of the Dungeon.
             The game lasted 00:01:30 (620 turns).

sendhelp the Firebug (Draconian Fire Elementalist)   Turns: 620, Time: 00:01:30

Health: 0/22       AC:  4    Str: 10    XL:     2   Next: 17%
Magic:  5/5        EV: 12    Int: 15    God:
Gold:   17         SH:  0    Dex: 11    Spells: 4/5 levels left

rFire    . . .     SeeInvis .   (no weapon)
rCold    . . .     Gourm    .   (no shield)
rNeg     . . .     Faith    .   (armour unavailable)
rPois    .         Spirit   .   (helmet restricted)
rElec    .         Reflect  .   (no cloak)
rCorr    .         Harm     .   (no gloves)
MR       .....                  (no boots)
Stlth    ++........             (no amulet)
HPRegen  0.07/turn              (no ring)
MPRegen  0.09/turn              (no ring)

@: no status effects
A: unfitting armour, cold-blooded, AC +4
a: no special abilities


You were on level 1 of the Dungeon.
You were not hungry.

You visited 1 branch of the dungeon, and saw 1 of its levels.

You collected 17 gold pieces.

Inventory:

Hand Weapons
 e - a +0 mace
Missiles
 d - 19 stones (quivered)
 g - 6 tomahawks
Armour
 c - a +0 robe
Potions
 f - a potion of heal wounds {unknown}
Books
 a - a book of Flames

   Spells                             Type                      Level
   a - Flame Tongue                   Conjuration/Fire             1
   b - Throw Flame                    Conjuration/Fire             2
   c - Conjure Flame                  Conjuration/Fire             3
   d - Inner Flame                    Hexes/Fire                   3
   e - Sticky Flame                   Conjuration/Fire             4
   f - Fireball                       Conjuration/Fire             5
Comestibles
 b - 2 rations


   Skills:
 + Level 0.4 Fighting
 + Level 1.8 Dodging
 + Level 1.8 Stealth
 + Level 0.1 Unarmed Combat
 + Level 2.3 Spellcasting
 + Level 1.0 Conjurations
 + Level 3.1 Fire Magic


You had 4 spell levels left.
You knew the following spells:

 Your Spells              Type           Power        Failure   Level  Hunger
a - Flame Tongue          Conj/Fire      #....        9%          1    #......


Dungeon Overview and Level Annotations

Branches:
Dungeon (1/15)

Altars:


Innate Abilities, Weirdness & Mutations

Your plain brown scales are hard. (AC +4)
You cannot fit into any form of body armour.
You are cold-blooded and may be slowed by cold attacks.


Message History

The hobgoblin hits you. The hobgoblin closely misses you.
You hit the hobgoblin.
You kill the hobgoblin!
You closely miss the hobgoblin. The hobgoblin closely misses you.
You hit the hobgoblin but do no damage.
Your tail-slap misses the hobgoblin.
The hobgoblin barely misses you.
You hit the hobgoblin but do no damage. The hobgoblin hits you with a club.
* * * LOW HITPOINT WARNING * * *
The hobgoblin barely misses you.
You closely miss the hobgoblin. The hobgoblin closely misses you. x2
You barely miss the hobgoblin. The hobgoblin hits you with a club.
* * * LOW HITPOINT WARNING * * *
The hobgoblin hits you but does no damage.
You closely miss the hobgoblin. The hobgoblin barely misses you.
The hobgoblin hits you.
* * * LOW HITPOINT WARNING * * *
You hit the hobgoblin but do no damage. You tail-slap the hobgoblin.
The hobgoblin is lightly wounded.
The hobgoblin hits you with a club.
You die...

...........#.........#.........
.............................r.
............#..#..###..........
........[..........###..#r#...
...................###%.# .. .
.................#......##....
####..........#######.........
###........#### ##........
#.......ggg@# #........
#........##g# #........
#.#.###.###.# ##.......
#.#.##..# #.# #...$...
#.#.##..# #.## $......
#.#.##..# #..### ..>....
#......## ##...# #.....##
###.### #.....# #...#


You could see 2 hobgoblins and 2 goblins.

Vanquished Creatures
  An ooze (D:1)
  A leopard gecko (D:1)
  A giant cockroach (D:1)
  A hobgoblin (D:1)
  A frilled lizard (D:1)
  2 rats (D:1)
7 creatures vanquished.

Notes
Turn   | Place    | Note
-------+----------+-------------------------------------------
     0 | D:1      | sendhelp the Draconian Fire Elementalist began the quest for the Orb.
     0 | D:1      | Reached XP level 1. HP: 14/14 MP: 3/3
   429 | D:1      | Reached XP level 2. HP: 13/20 MP: 5/5
   619 | D:1      | HP: 1/22 [hobgoblin (1)]
   620 | D:1      | Slain by a hobgoblin

Action                   || total
-------------------------++-------
Melee: Unarmed           ||    45
       Tailslap          ||     5
  Use: Potion            ||     1
Armor: Skin              ||    10
Dodge: Dodged            ||    42
